 Dungeon Crawl Stone Soup version 0.23-a0-389-g4a5eb33 (webtiles) character file.

3 iamserjio the Charmwright (level 1, -3/10 HPs)
             Began as a Deep Elf Wanderer on Oct 29, 2018.
             Killed from afar by a dart slug (4 damage)
             ... with a slug dart
             ... on level 2 of the Dungeon.
             The game lasted 00:01:09 (59 turns).

iamserjio the Charmwright (Deep Elf Wanderer)         Turns: 59, Time: 00:01:09

Health: -3/10      AC:  2    Str:  8    XL:     1   Next: 41%
Magic:  4/4        EV: 11    Int: 16    God:
Gold:   6          SH:  0    Dex: 15    Spells: 2/2 levels left

rFire    . . .     SeeInvis .   b - +0 hunting sling
rCold    . . .     Gourm    .   (no shield)
rNeg     . . .     Faith    .   d - +0 robe
rPois    .         Spirit   .   (no helmet)
rElec    .         Reflect  .   (no cloak)
rCorr    .         Harm     .   (no gloves)
MR       .....                  (no boots)
Stlth    +.........             (no amulet)
HPRegen  0.03/turn              (no ring)
MPRegen  0.09/turn              (no ring)

@: no status effects
A: no striking features
a: no special abilities


You were on level 2 of the Dungeon.
You were not hungry.

You visited 1 branch of the dungeon, and saw 2 of its levels.

You collected 6 gold pieces.

Inventory:

Hand Weapons
 a - a +0 hunting sling
 b - a +0 hunting sling (weapon)
 e - a +0 dagger
Missiles
 g - 11 stones (quivered)
Armour
 d - a +0 robe (worn)
Potions
 c - a potion of curing {@q1}
Comestibles
 f - 2 rations


   Skills:
 - Level 1.0 Throwing
 + Level 0.4 Dodging
 * Level 1.0 Spellcasting
   Level 1.3 Hexes
   Level 4.4 Charms
   Level 2.4 Necromancy
   Level 2.1 Fire Magic
   Level 1.1 Evocations


You had 2 spell levels left.
You didn't know any spells.
Your spell library contained the following spells:

 Spells                   Type           Power        Failure   Level  Hunger
 Infusion                 Chrm           ##..         3%          1    ##.....
 Song of Slaying          Chrm           ##......     5%          2    ###....
 Shroud of Golubria       Chrm/Tloc      #.........   14%         2    ###....
 Beastly Appendage        Tmut           #.....       22%         1    ##.....
 Regeneration             Chrm/Necr      ##........   17%         3    ####...
 Spectral Weapon          Hex/Chrm       ##......     22%         3    ####...
 Ignite Poison            Fire/Tmut/Pois #.......     45%         3    ####...


Dungeon Overview and Level Annotations

Branches:
Dungeon (2/15)

Altars:


Message History

You shoot a stone. The stone hits the dart slug.
The dart slug launches a dart at you. The slug dart misses you.
Firing (i - inventory)
g - 15 stones (quivered)
Aim: a dart slug (severely wounded, clinging)
You shoot a stone. The stone hits the dart slug.
Firing (i - inventory)
g - 14 stones (quivered)
Aim: a dart slug (almost dead, clinging)
You shoot a stone.
The stone hits the dart slug but does no damage.
Firing (i - inventory)
g - 13 stones (quivered)
Aim: a dart slug (almost dead, clinging)
You shoot a stone.
The stone hits the dart slug but does no damage.
Firing (i - inventory)
g - 12 stones (quivered)
Aim: a dart slug (severely wounded, clinging)
You shoot a stone. The stone hits the dart slug.
The dart slug launches a dart at you. The slug dart hits you!
You die...

...##...# #
##.#.#
##....#
#..#.##
#.##.#
#######.##.#
........##.#
######..##.#
#..@#.#
#$....(..w#
#....w###.((.
#..... ###...
#..?.# ..
#...# #...
#..


You could see a worm and a dart slug.

Vanquished Creatures
  2 goblins (D:2)
  A bat (D:2)
3 creatures vanquished.

Notes
Turn   | Place    | Note
-------+----------+-------------------------------------------
     0 | D:1      | iamserjio the Deep Elf Wanderer began the quest for the
                  | Orb.
     0 | D:1      | iamserjio set off with the following items: a potion of
                  | curing {@q1}, a +0 robe, a +0 dagger, a ration; and the
                  | following spells available to memorise: Infusion, Song of
                  | Slaying, Shroud of Golubria, Regeneration, Spectral Weapon,
                  | Beastly Appendage, Ignite Poison
     0 | D:1      | Reached XP level 1. HP: 10/10 MP: 3/3
    48 | D:2      | Reached skill level 1 in Spellcasting
    59 | D:2      | Killed from afar by a dart slug

Vault maps used:
D:1:      dpeg_arrival_arbitrary_c, minmay_rat_gold_closets
D:2:      st_stairs_10

Skill      XL: |  1 |
---------------+----+-----
Spellcasting   | 1 |  1.0
Throwing       | |  1.0
Dodging        | |  0.4
Hexes          | |  1.3
Charms         | |  4.4
Necromancy     | |  2.4
Fire Magic     | |  2.1
Evocations     | |  1.1

Action                   || total
-------------------------++-------
Melee: Dagger            ||     9
 Fire: Hunting sling     ||    12
Armor: Robe              ||     1
Dodge: Dodged            ||     6

Table legend:
 A = Non-vault XP
 B = Vault XP
 C = Vault XP percentage of total XP
 D = Non-vault monster count
 E = Vault monster count
 F = Vault count percentage of total count
                 A         B        C        D         E       F
            +---------+---------+-------+---------+---------+-------
      Total |       5 |       0 |   0.0 |       3 |       0 |   0.0
            +---------+---------+-------+---------+---------+-------
        D:2 |       5 |       0 |   0.0 |       3 |       0 |   0.0
            +---------+---------+-------+---------+---------+-------
